 Dungeon Crawl Stone Soup version bcrawl-1.12-11-gb93c957c58 (webtiles) character file.

Game seed: 17257031969234612787

1390 Hercules1031 the Cudgeler (level 8, -2/42 HPs)
             Began as a Vine Stalker Archaeologist on June 30, 2019.
             Was an Initiate of Cheibriados.
             Slain by a yak (5 damage)
             ... on level 6 of the Dungeon.
             The game lasted 00:19:27 (4568 turns).

Hercules1031 the Cudgeler (VSAc)                    Turns: 4568, Time: 00:19:28

Health: -2/42      AC: 17    Str: 17    XL:     8   Next: 68%
Magic:  0/14       EV:  7    Int: 15    God:    Cheibriados [......]
Gold:   488        SH:  0    Dex: 14    Spells: 14/14 levels left

rFire    + . .     SeeInvis .   D - +2 flail (crush)
rCold    . . .     Gourm    .   (no shield)
rNeg     . . .     Faith    .   p - +1 plate armour {rF+}
rPois    .         Spirit   +   b - +1 hat
rElec    .         Reflect  .   (no cloak)
rCorr    .         Harm     .   d - +1 pair of gloves
MR       +....                  c - +1 pair of boots
Stlth    ..........             r - amulet of regeneration
HPRegen  0.94/turn              n - ring of stealth
MPRegen  0.14/turn              (no ring)

@: very slow
A: fangs 3, regeneration 1, magic shield, antimagic bite, no potion heal 3, rot
immunity
a: Bend Time, Renounce Religion


You were on level 6 of the Dungeon.
You worshipped Cheibriados.
Cheibriados was noncommittal.
You were not hungry.

You visited 2 branches of the dungeon, and saw 8 of its levels.

You collected 598 gold pieces.
You spent 110 gold pieces at shops.

Inventory:

Hand Weapons
 f - the +7 mace of Variability {chain chaos} Each time it hits an enemy it has a different, random effect. Cheibriados disapproves of the use of such an item.
 i - a +0 dagger
 l - a +0 whip
 D - a +2 flail of crushing (weapon)
Missiles
 s - a throwing net (quivered) {!f}
Armour
 a - a +1 robe
 b - a +1 hat (worn)
 c - a +1 pair of boots (worn)
 d - a +1 pair of gloves (worn)
 p - a +1 plate armour of fire resistance (worn)
Jewellery
 n - a ring of stealth (left hand)
 r - an amulet of regeneration (around neck)
Wands
 u - a wand of iceblast (9)
 y - a wand of flame (14)
 C - a wand of enslavement (11)
Scrolls
 h - 4 scrolls of identify
 t - 2 scrolls of teleportation
 w - 6 scrolls of remove curse
 F - a scroll of immolation {unknown}
 G - a scroll of enchant weapon {unknown}
Potions
 j - 2 potions of might
 k - a potion of degeneration {unknown}
 m - 3 potions of heal wounds
 o - 3 potions of haste {unknown}
 q - 2 potions of flight {unknown}
 v - 3 potions of curing {unknown}
 x - a potion of ambrosia {unknown}
 z - a potion of brilliance {unknown}
 A - a potion of magic {unknown}
 B - a potion of agility {unknown}
 E - a potion of mutation {unknown}
Comestibles
 g - 6 rations {!d}


   Skills:
 + Level 4.0 Fighting
 + Level 6.4 Maces & Flails
 + Level 3.2 Armour
 + Level 4.5 Dodging
 - Level 5.1 Stealth
 + Level 3.8 Spellcasting


You had 14 spell levels left.
You didn't know any spells.
Your spell library contained the following spells:

 Spells                   Type           Power        Failure   Level  Hunger
 Confuse                  Hex            #.......     100%        3    ###....
 Dazzling Spray           Conj/Hex       #.....       100%        3    ###....
 Petrify                  Tmut/Erth      #.......     100%        4    ####...
 Yara's Violent Unravell  Hex/Tmut       #.........   100%        4    ####...
 Metabolic Englaciation   Hex/Ice        #.........   100%        5    ######.


Dungeon Overview and Level Annotations

Branches:
Dungeon (7/12)             Temple (1/1) D:6
   Lair: D:7-10

Altars:
Ashenzari
Cheibriados
Dithmenos
Fedhas
Gozag
Hepliaklqana
Kikubaaqudgha
Lugonu
Makhleb
Nemelex Xobeh
Okawaru
Qazlal
Ru
Sif Muna
Trog
Uskayaw
Vehumet
Wu Jian
Xom
Yredelemnul
Zin
The Shining One

Shops:
D:4 ?


Innate Abilities, Weirdness & Mutations

You have razor-sharp teeth.
Your natural rate of healing is unusually fast.
When hurt, damage is shared between your health and your magic reserves.
Your bite disrupts and absorbs the magic of your enemies.
Potions cannot restore your health.
You are immune to rotting.


Message History

The yak gores you! The gnoll hits you but does no damage.
The bullfrog zombie hits you but does no damage.
The yak gores you. The yak gores you but does no damage.
The gnoll hits you from afar with a +0 halberd of flaming.
You climb upwards.
There is a stone staircase leading down here.
You hit the yak but do no damage. Your bite misses the yak. The yak gores you.
The yak gores you but does no damage.
You barely miss the yak. Your bite misses the yak. The yak barely misses you.
The yak gores you but does no damage.
You hit the yak.
The yak is moderately wounded.
The yak gores you but does no damage. The yak gores you!
* * * LOW HITPOINT WARNING * * *
You closely miss the yak. You bite the yak, but do no damage.
The yak is moderately wounded.
The yak gores you!
* * * LOW HITPOINT WARNING * * *
The yak gores you.
You die...

########.# #..###..........# #.#
#...........###.# #.#
#.#########.# #.# #.# #.# #.# #.#
#.# #.# #.# #.. #.# #.# #)# ###
#.########.#########.#####
########.........Y..............#
...............Y@.#########.###.#
#########.###.###.#########.# #.#
#.# #.# #...........# #.# #.# #.#
#.#########.# #.# #.# #.#
#[......# #.# #.# #.# #.#
#.#####.###.###.# #.# #.# #.#
##.##...##.# ##.###.# #.#
#........... ########)..##.# #.#
#..##...####


You could see 2 yaks.

Vanquished Creatures
  A yak (D:7)
  An orc warrior (D:6)
  A sky beast (D:6)
  A phantom (D:4)
  2 ogres (D:5)
  A scorpion (D:6)
  2 howler monkeys (D:4)
  A crimson imp (D:5)
  2 bullfrog skeletons (D:4)
  A centaur skeleton (D:4)
  3 orc priests
  3 hounds
  2 iguanas
  A worker ant (D:4)
  4 orc wizards
  6 adders
  2 gnolls (D:7)
  3 shadow imps
  2 oozes
  An adder skeleton (D:4)
  2 adder zombies
  5 dart slugs
  4 leopard geckos
  11 orcs
  7 bats
  3 giant cockroaches (D:1)
  A goblin (D:2)
  7 hobgoblins
  A jackal (D:1)
  2 quokkas
  2 ball pythons
  4 frilled lizards
  2 gnoll zombies (D:5)
  7 kobolds
  4 rats
102 creatures vanquished.

Notes
Turn   | Place    | Note
-------+----------+-------------------------------------------
     0 | D:1      | Hercules1031 the Vine Stalker Archaeologist began the quest
                  | for the Orb.
     0 | D:1      | Reached XP level 1. HP: 9/9 MP: 2/2
    74 | D:1      | Reached skill level 1 in Fighting
   194 | D:1      | Reached XP level 2. HP: 14/14 MP: 3/3
   422 | D:1      | Reached XP level 3. HP: 16/18 MP: 4/4
   615 | D:2      | Found an opulent altar of Gozag.
   893 | D:2      | Reached skill level 1 in Maces & Flails
   926 | D:2      | Reached XP level 4. HP: 18/23 MP: 5/5
   942 | D:2      | Reached skill level 2 in Maces & Flails
  1286 | D:3      | Reached XP level 5. HP: 24/26 MP: 5/7
  1300 | D:3      | Reached skill level 5 in Stealth
  1300 | D:3      | Reached skill level 1 in Spellcasting
  1303 | D:3      | Reached skill level 1 in Armour
  1596 | D:3      | Reached skill level 3 in Maces & Flails
  1614 | D:3      | Reached XP level 6. HP: 29/31 MP: 7/9
  1755 | D:4      | Noticed a phantom
  1806 | D:5      | Entered Level 5 of the Dungeon
  1863 | D:5      | Reached skill level 4 in Maces & Flails
  2019 | D:4      | Killed a phantom
  2019 | D:4      | Reached XP level 7. HP: 30/35 MP: 11/11
  2022 | D:4      | Found Roucuku's Magic Scroll Shoppe.
  2031 | D:4      | Bought a scroll of remove curse for 30 gold pieces
  2031 | D:4      | Bought a scroll of remove curse for 30 gold pieces
  2031 | D:4      | Bought a scroll of identify for 20 gold pieces
  2031 | D:4      | Bought a scroll of remove curse for 30 gold pieces
  2138 | D:4      | Reached skill level 5 in Maces & Flails
  2995 | D:5      | Gained mutation: You have razor-sharp teeth. [Vine Stalker
                  | growth]
  2995 | D:5      | Reached XP level 8. HP: 26/40 MP: 13/13
  2999 | D:5      | Found a shadowy altar of Dithmenos.
  3349 | D:5      | Found a basalt altar of Yredelemnul.
  3617 | D:6      | Found a staircase to the Ecumenical Temple.
  3638 | Temple   | Entered the Ecumenical Temple
  3788 | Temple   | Became a worshipper of Cheibriados the Contemplative
  4062 | D:6      | Reached skill level 6 in Maces & Flails
  4269 | D:6      | HP: 2/42 [orc warrior/+0 trident (4)]
  4274 | D:6      | HP: 2/42 [orc warrior/+0 trident (3)]
  4552 | D:7      | Noticed a yak
  4552 | D:7      | Noticed a yak
  4552 | D:7      | Noticed a yak
  4558 | D:7      | Killed a yak
  4568 | D:6      | Slain by a yak

Skill      XL: |  1  2  3  4  5  6  7  8 |
---------------+-------------------------+-----
Fighting       | 1 2 3 4 |  4.0
Maces & Flails | 1 2 3 4 5 6 |  6.4
Dodging        | 3 4 |  4.5
Stealth        | 5 |  5.1
Spellcasting   | 1 2 3 |  3.8
Armour         | 1 2 3 |  3.2

Action                   |  1- 3 |  4- 6 |  7- 9 || total
-------------------------+-------+-------+-------++-------
Melee: Unarmed           |    41 |       |       ||    41
       Dagger            |    64 |       |       ||    64
       Bite              |    37 |    77 |    91 ||   205
       Whip              |    52 |   283 |   364 ||   699
       Flail             |       |       |    33 ||    33
  Use: Scroll            |     1 |       |     8 ||     9
       Potion            |       |     1 |     1 ||     2
 Stab: Sleeping          |     6 |       |       ||     6
  Eat: Ration            |       |     1 |     2 ||     3
       Chunk             |       |     1 |     2 ||     3
Armor: Robe              |    91 |     2 |       ||    93
       Plate armour      |       |   273 |   220 ||   493
Dodge: Dodged            |   167 |   117 |    94 ||   378
